 Dungeon Crawl Stone Soup version 0.21.1-1-g345015fe64 (webtiles) character file.

67861 lis82 the Eclecticist (level 14, -2/107 HPs)
             Began as a Demigod Summoner on July 24, 2018.
             Slain by the 27-headed Lernaean hydra (4 damage)
             ... on level 4 of the Swamp on July 25, 2018.
             The game lasted 02:56:08 (27673 turns).

lis82 the Eclecticist (Demigod Summoner)           Turns: 27673, Time: 02:56:10

Health: -2/107     AC: 26    Str: 13    XL:     14   Next: 44%
Magic:  28/38      EV: 13    Int: 36    God:
Gold:   1208       SH: 11    Dex: 21    Spells: 16/43 levels left

rFire    + + +     SeeInvis .   T - +10 rapier "Luuffig" {pierce, Int+4}
rCold    x . .     Gourm    .   p - +2 shield {AC+3}
rNeg     + + .     Faith    .   S - +1 ring mail of the Special Tables {rC- rN++ Regen+}
rPois    +         Spirit   .   e - +4 helmet of the Ten Hells {Int+7}
rElec    .         Reflect  .   l - +2 cloak "Cekk" {+Inv}
rCorr    .         Harm     .   P - +2 pair of gloves
MR       .....                  o - +2 pair of boots {Stlth+}
Stlth    +++.......             i - amulet "Ohuuhon" {rF+++ MR- Regen+ Dex+5}
HPRegen  1.07/turn              a - ring of wizardry
MPRegen  0.26/turn              q - ring of poison resistance

@: very slightly contaminated, studying Armour
A: high mp 1
a: Evoke Invisibility


You were on level 4 of the Swamp.
You were hungry.

You visited 5 branches of the dungeon, and saw 27 of its levels.
You also visited: Volcano.

You collected 2352 gold pieces.
You spent 1144 gold pieces at shops.

Inventory:

Hand Weapons
 x - the +12 trident of the Candle {pierce, Dex+4}
   (You found it on level 9 of the Dungeon)

   It inflicts extra damage upon your enemies.
   It affects your dexterity (+4).
 T - the +10 rapier "Luuffig" (weapon) {pierce, Int+4}
   (You found it on level 10 of the Dungeon)

   It inflicts extra damage upon your enemies.
   It affects your intelligence (+4).
Armour
 e - the +4 helmet of the Ten Hells (worn) {Int+7}
   (You acquired it on level 2 of the Lair of Beasts)

   It affects your intelligence (+7).
 l - the +2 cloak "Cekk" (worn) {+Inv}
   (You bought it in a shop on level 9 of the Dungeon)

   It lets you turn invisible.
 o - a +2 pair of boots of stealth (worn)
 p - a +2 shield of protection (worn)
 P - a +2 pair of gloves (worn)
 S - the +1 ring mail of the Special Tables (worn) {rC- rN++ Regen+}
   (You bought it in a shop on level 9 of the Dungeon)

   It makes you vulnerable to cold.
   It greatly protects you from negative energy.
   It increases your rate of regeneration.
Jewellery
 a - a ring of wizardry (left hand)
 f - an uncursed ring of positive energy
 i - the amulet "Ohuuhon" (around neck) {rF+++ MR- Regen+ Dex+5}
   (You acquired it on level 2 of the Lair of Beasts)

   [amulet of regeneration]

   It affects your dexterity (+5).
   It renders you almost immune to fire.
   It affects your resistance to hostile enchantments.
   It increases your rate of regeneration.
 q - a ring of poison resistance (right hand)
 U - a +3 amulet of reflection
 X - an uncursed ring of see invisible
 Z - an uncursed ring of magical power
Wands
 b - a wand of digging (24)
 h - a wand of clouds (6)
 v - a wand of scattershot (3)
 F - a wand of acid (22)
 L - a wand of iceblast (8)
 Q - a wand of paralysis (32)
Scrolls
 j - 3 scrolls of silence
 k - 7 scrolls of magic mapping
 n - 3 scrolls of identify
 r - 2 scrolls of fear
 s - 4 scrolls of amnesia
 y - 17 scrolls of remove curse
 A - 2 scrolls of enchant weapon
 C - 7 scrolls of teleportation
 J - a scroll of blinking
 M - a scroll of summoning {unknown}
 N - 2 scrolls of fog
Potions
 d - 5 potions of haste {unknown}
 g - 3 potions of brilliance
 m - 3 potions of berserk rage
 t - 6 potions of lignification
 u - 6 potions of agility
 w - 2 potions of invisibility {unknown}
 z - a potion of magic {unknown}
 B - 9 potions of might
 D - 3 potions of curing
 E - a potion of mutation {unknown}
 G - 3 potions of ambrosia {unknown}
 I - 2 potions of flight {unknown}
 K - 2 potions of degeneration {unknown}
 R - 3 potions of resistance {unknown}
Books
 V - a book of Summonings

   Spells                             Type                      Level
   a - Recall                         Summoning/Translocation      3
   b - Aura of Abjuration             Summoning                    5
   c - Summon Demon                   Summoning                    5
   d - Summon Forest                  Summoning/Translocation      5
   e - Summon Mana Viper              Hexes/Summoning              5
   f - Shadow Creatures               Summoning                    6
 Y - a manual of Armour
Comestibles
 c - 29 rations


   Skills:
 - Level 5.2 Fighting
 - Level 5.2 Short Blades
 - Level 9.0 Armour
 - Level 6.5 Dodging
 - Level 1.7 Stealth
 + Level 3.5 Shields
 - Level 15.3 Spellcasting
 - Level 2.6 Hexes
 - Level 10.5 Summonings
 - Level 4.8 Ice Magic
 - Level 2.1 Air Magic


You had 16 spell levels left.
You knew the following spells:

 Your Spells              Type           Power        Failure   Level  Hunger
a - Summon Guardian Gole  Hex/Summ       ######..     1%          3    None
b - Call Imp              Summ           #######.     1%          2    None
c - Call Canine Familiar  Summ           #######.     1%          3    None
d - Summon Ice Beast      Ice/Summ       ######..     1%          4    None
e - Summon Lightning Spi  Summ/Air       ######..     3%          4    None
f - Shadow Creatures      Summ           N/A          9%          6    None
g - Summon Demon          Summ           #######...   1%          5    None


Dungeon Overview and Level Annotations

Branches:
Dungeon (14/15)            Temple (0/1) D:7            Lair (6/6) D:10
  Swamp (4/4) Lair:3       Spider (1/4) Lair:4        Slime (0/5) Lair:5
    Orc (2/2) D:9          Vaults (0/5) D:14
    Elf: Orc:2

Shops:
D:9 [(

Annotations:
Swamp:4 Lernaean hydra


Innate Abilities, Weirdness & Mutations

You have an increased reservoir of magic. (+10% MP)


Message History

The 27-headed Lernaean hydra bites you but does no damage.
The 27-headed Lernaean hydra bites you!
* * * LOW HITPOINT WARNING * * *
The 27-headed Lernaean hydra bites you but does no damage. x3
The 27-headed Lernaean hydra bites you!
* * * LOW HITPOINT WARNING * * *
The 27-headed Lernaean hydra bites you but does no damage.
You block the 27-headed Lernaean hydra's attack.
The 27-headed Lernaean hydra bites you!
* * * LOW HITPOINT WARNING * * *
The 27-headed Lernaean hydra barely misses you.
The 27-headed Lernaean hydra bites you.
* * * LOW HITPOINT WARNING * * *
The 27-headed Lernaean hydra bites you but does no damage.
The 27-headed Lernaean hydra barely misses you.
The 27-headed Lernaean hydra bites you but does no damage.
The 27-headed Lernaean hydra closely misses you.
The 27-headed Lernaean hydra bites you but does no damage.
The 27-headed Lernaean hydra bites you.
You die...

♣≈≈§...♣♣≈≈..≈≈≈≈≈..≈≈.♣
.≈≈≈≈♣...♣≈≈≈.≈≈.≈≈.≈≈.♣
)≈≈.≈≈≈§≈(≈≈..≈≈..≈≈≈≈≈♣
≈.≈.♣≈≈≈≈≈≈≈.♣≈≈≈≈≈≈≈≈.♣
♣≈≈≈.≈≈≈≈≈≈≈.≈≈≈≈≈≈≈≈≈.♣
≈≈≈..≈≈≈≈≈≈.≈.≈≈≈≈.≈≈.♣♣
≈....≈≈≈≈≈..♣≈≈≈≈...≈≈♣♣
≈≈≈.≈≈≈≈≈..♣♣≈≈≈≈≈♣♣♣..♣
≈≈≈..≈≈..≈≈♣♣.≈≈@♣♣ ♣..♣
....≈≈..♣♣♣♣♣≈.D≈♣♣ ♣♣♣♣
...♣♣♣♣♣♣ ♣♣...≈♣♣ §.♣♣♣
♣♣.≈≈.♣ ...≈♣♣♣ ♣♣≈≈.♣
...≈♣≈♣♣ ♣≈≈.♣♣
..≈≈...♣♣♣♣♣♣ ♣♣♣♣♣
..§≈≈≈.♣♣≈.≈♣
.≈≈≈≈≈≈≈≈.≈.♣♣♣


You could see the 27-headed Lernaean hydra.

Vanquished Creatures
  A thorn hunter (Swamp:4)
  The ghost of Fascinator the Fighter, a journeyman GnWn of Hepliaklqana (Lair:6)
  Snorg (D:13)
  A hydra (Swamp:1)
  A ghost crab (Swamp:4)
  A hell knight (Volcano)
  2 unseen horrors
  A swamp dragon (Swamp:3)
  A salamander mystic (Volcano)
  A shambling mangrove (Swamp:2)
  2 salamanders (Volcano)
  An elephant (Lair:6)
  A moth of wrath (Spider:1)
  A centaur zombie (D:10)
  5 black mambas
  3 spiny frogs
  A freezing wraith (Lair:4)
  2 tyrant leeches
  6 hornets
  A jumping spider (Lair:4)
  3 slime creatures
  2 bog bodies
  A meliai zombie (D:13)
  A shadow (Swamp:3)
  7 spriggans
  21 yaks
  2 wraiths (Swamp:1)
  2 basilisks
  5 insubstantial wisps
  A warg (Orc:1)
  A soldier ant (D:13)
  7 swamp worms
  7 porcupines
  3 water moccasins
  4 orc warriors
  A swamp drake (Swamp:2)
  2 black bears (Lair:6)
  A phantom (D:11)
  3 ice beasts
  12 wolves
  A boggart (Lair:6)
  4 centaurs
  3 bullfrogs
  A wyvern skeleton (D:13)
  A scorpion (Lair:4)
  A water moccasin skeleton (D:9)
  2 killer bees
  2 wights
  6 crimson imps
  A bullfrog zombie (D:13)
  A jelly (D:13)
  5 hounds
  4 orc priests
  4 orc wizards
  2 iguanas
  8 worker ants
  A worker ant zombie (D:7)
  8 adders
  4 shadow imps
  2 worms (Lair:4)
  2 dart slugs (D:1)
  A leopard gecko (D:5)
  20 orcs
  A bat zombie (D:9)
  5 giant cockroaches
  6 goblins
  4 hobgoblins
  7 jackals
  5 kobolds
  4 quokkas
  A ball python (D:1)
  8 bats
  3 frilled lizards
  An orc zombie (D:5)
  4 rats
  A rat zombie (D:9)
  3 plants (Lair:1)
257 creatures vanquished.

Vanquished Creatures (collateral kills)
  Rupert (Orc:1)
  The ghost of Loge the Devastator, an adept DEFE of Sif Muna (Swamp:3)
  Louise (Swamp:2)
  The ghost of flt the Unseen, an adept SpEn of Wu Jian (Swamp:3)
  Nessos (D:14)
  Josephine (Swamp:1)
  Erolcha (D:10)
  15 hydras
  6 vault guards
  4 alligators
  Erica (D:8)
  3 two-headed ogres
  2 death yaks (D:10)
  Nergalle (Orc:1)
  Sonja (Lair:3)
  A spriggan druid (Swamp:3)
  9 swamp dragons
  3 unseen horrors
  4 salamanders (Volcano)
  2 wolf spiders (Spider:1)
  An orc sorcerer (Orc:1)
  An oklob plant (Lair:1)
  2 ugly things
  A cyclops (D:11)
  3 manticores
  5 elephants (Lair:6)
  6 black mambas
  11 spiny frogs
  3 gargoyles
  2 orange demons (D:13)
  The ghost of rzd the Poker, a novice MfSk of Dithmenos (D:4)
  3 rime drakes
  A demonic crawler (Lair:4)
  An efreet (D:14)
  2 freezing wraiths (Spider:1)
  7 komodo dragons
  A merfolk (D:9)
  2 polar bears (Lair:6)
  6 tyrant leeches
  A troll (D:11)
  Grinder (D:5)
  A wind drake (shapeshifter) (D:11)
  7 blink frogs
  19 slime creatures
  4 hornets
  11 bog bodies
  5 hippogriffs
  The ghost of andthrax the Sneak, an amateur OpVM of Cheibriados (D:5)
  2 tarantellas (Spider:1)
  A redback (Spider:1)
  4 wraiths
  7 spriggans
  23 yaks
  Grum (D:9)
  A vampire (D:14)
  3 basilisks
  2 hungry ghosts
  4 vampire mosquitoes (Swamp:3)
  7 swamp worms
  7 water moccasins
  An acid dragon (D:14)
  4 insubstantial wisps
  2 porcupines (Lair:1)
  An orc warrior (Orc:1)
  An ice beast (D:5)
  10 swamp drakes
  An eye of draining (D:14)
  2 necrophages (D:11)
  2 sky beasts
  4 boggarts (Lair:6)
  14 wolves
  5 centaurs
  4 black bears
  8 ogres
  6 crocodiles
  5 bullfrogs
  2 wyvern skeletons
  2 scorpions
  14 killer bees
  17 wights
  3 electric eels
  4 howler monkeys
  3 centaur zombies
  3 crimson imps
  2 bullfrog zombies
  The ghost of IceCat the Firebug, a weakling GrFE of Qazlal (D:3)
  7 hounds
  An orc priest (Orc:1)
  A jelly (D:13)
  4 orc wizards
  2 centaur skeletons
  3 iron imps (D:13)
  Jessica (D:3)
  3 bullfrog skeletons
  2 iguanas
  4 worker ants
  A hound zombie (D:7)
  A mummy (D:5)
  5 adders
  A shadow imp (D:7)
  3 worms
  A leopard gecko (D:2)
  13 orcs
  4 giant cockroaches
  2 goblins
  2 hobgoblins (D:3)
  7 jackals
  A ball python (D:2)
  2 bats (D:2)
  A frilled lizard (D:1)
  A hobgoblin zombie (D:5)
  3 kobolds (D:1)
  A kobold zombie (D:5)
  An orc zombie (D:5)
  A plant (Lair:1)
430 creatures vanquished.

Vanquished Creatures (others)
  A vault guard (D:14)
  A hydra (D:14)
  A death yak (D:10)
  2 spriggans
  2 spriggan druids (Swamp:3)
  A gargoyle (D:11)
  A hornet (Swamp:2)
  A swamp worm (Swamp:3)
  A centaur (D:11)
  A hound zombie (D:11)
  5 fungi
  4 plants
21 creatures vanquished.

Grand Total: 708 creatures vanquished

Notes
Turn   | Place    | Note
-------+----------+-------------------------------------------
     0 | D:1      | lis82 the Demigod Summoner began the quest for the Orb.
     0 | D:1      | Reached XP level 1. HP: 14/14 MP: 5/5
   102 | D:1      | Reached skill level 2 in Spellcasting
   311 | D:1      | Reached XP level 2. HP: 17/20 MP: 6/8
   363 | D:1      | Learned a level 2 spell: Call Imp
   774 | D:1      | Reached skill level 3 in Spellcasting
  1062 | D:1      | Reached XP level 3. HP: 17/26 MP: 5/10
  1289 | D:1      | Learned a level 3 spell: Summon Guardian Golem
  1293 | D:1      | Learned a level 3 spell: Call Canine Familiar
  2061 | D:2      | Reached XP level 4. HP: 23/33 MP: 6/12
  2342 | D:2      | Reached skill level 4 in Spellcasting
  2505 | D:3      | Found a sacrificial altar of Ru.
  2560 | D:3      | Noticed Jessica
  2573 | D:3      | Killed Jessica
  2950 | D:3      | Found a stormy altar of Qazlal.
  3033 | D:3      | Noticed IceCat's ghost (weakling GrFE)
  3045 | D:3      | Killed IceCat's ghost
  3088 | D:3      | Reached XP level 5. HP: 38/38 MP: 13/15
  3187 | D:3      | Learned a level 4 spell: Summon Ice Beast
  3488 | D:4      | Noticed rzd's ghost (novice MfSk)
  3512 | D:4      | Killed rzd's ghost
  3512 | D:4      | Reached skill level 5 in Spellcasting
  3512 | D:4      | Reached XP level 6. HP: 43/45 MP: 4/18
  4269 | D:5      | Entered Level 5 of the Dungeon
  4271 | D:5      | Found a deep blue altar of Sif Muna.
  4437 | D:5      | Found a blossoming altar of Fedhas.
  4447 | D:5      | Reached skill level 6 in Spellcasting
  4630 | D:5      | Paralysed by a crimson imp for 2 turns
  4635 | D:5      | Paralysed by a crimson imp for 6 turns
  4690 | D:5      | Noticed andthrax's ghost (amateur OpVM)
  4692 | D:5      | Noticed Grinder
  4975 | D:5      | Reached XP level 7. HP: 40/50 MP: 11/20
  5047 | D:5      | Reached skill level 7 in Spellcasting
  5334 | D:5      | Found a bloodstained altar of Trog.
  5369 | D:5      | Paralysed by Grinder for 5 turns
  5394 | D:5      | Killed Grinder
  5587 | D:5      | Killed andthrax's ghost
  5604 | D:5      | Reached skill level 5 in Summonings
  5734 | D:6      | Reached skill level 1 in Ice Magic
  6285 | D:7      | Reached XP level 8. HP: 48/57 MP: 14/22
  6628 | D:7      | Found a staircase to the Ecumenical Temple.
  7162 | D:7      | Found a white marble altar of Elyvilon.
  7874 | D:8      | Noticed Erica
  7900 | D:8      | Killed Erica
  7958 | D:8      | Reached skill level 8 in Spellcasting
  8008 | D:8      | Found an iron altar of Okawaru.
  8008 | D:8      | Found a hide-covered altar of Uskayaw.
  8040 | D:8      | Reached XP level 9. HP: 59/62 MP: 17/25
  8565 | D:9      | Found a glowing silver altar of Zin.
  8585 | D:9      | Found an opulent altar of Gozag.
  8765 | D:9      | Found Enguelar's Armour Shoppe.
  8765 | D:9      | Found a staircase to the Orcish Mines.
  8775 | D:9      | Found Inolibil's Weapon Shoppe.
  8786 | D:9      | Bought the +1 ring mail of the Special Tables {rC- rN++ Regen+} for 312 gold pieces
  8850 | D:9      | Noticed Grum
  8867 | D:9      | Killed Grum
  8867 | D:9      | Reached skill level 9 in Spellcasting
  9097 | D:9      | Found an ancient bone altar of Kikubaaqudgha.
  9259 | D:9      | Found a glowing golden altar of the Shining One.
  9362 | D:9      | Got an ancient trident
  9363 | D:9      | Identified the +12 trident of the Candle {pierce, Dex+4} (You found it on level 9 of the Dungeon)
  9633 | D:10     | Entered Level 10 of the Dungeon
  9727 | D:10     | Found a hazy altar of Hepliaklqana.
  9880 | D:10     | Reached skill level 10 in Spellcasting
  9931 | D:10     | Got a jewelled rapier
  9932 | D:10     | Identified the +10 rapier "Luuffig" {pierce, Int+4} (You found it on level 10 of the Dungeon)
  9996 | D:10     | Noticed Erolcha
 10065 | D:10     | Killed Erolcha
 10215 | D:10     | Noticed a death yak
 10217 | D:10     | Noticed a death yak
 10225 | D:10     | Noticed a death yak
 10504 | D:10     | Found a staircase to the Lair.
 10609 | D:10     | Killed a death yak
 10624 | D:10     | Killed a death yak
 10624 | D:10     | Reached XP level 10. HP: 69/69 MP: 1/28
 10653 | D:10     | Killed a death yak
 10914 | D:11     | Found a bloodstained altar of Trog.
 10974 | D:11     | Reached skill level 5 in Dodging
 11105 | D:11     | Noticed a two-headed ogre
 11123 | D:11     | Killed a two-headed ogre
 11516 | D:11     | Noticed a purple ugly thing
 11516 | D:11     | Noticed a cyclops
 11538 | D:11     | Killed a cyclops
 11555 | D:11     | Killed a purple ugly thing
 11862 | D:12     | Noticed a two-headed ogre
 11905 | D:12     | Killed a two-headed ogre
 11915 | D:12     | Noticed an eight-headed hydra
 11921 | D:12     | Noticed a manticore
 11933 | D:12     | Killed an eight-headed hydra
 12128 | D:12     | Noticed a manticore
 12167 | D:12     | Killed an unseen horror
 12215 | D:12     | Noticed a two-headed ogre
 12606 | D:12     | Killed an unseen horror
 12606 | D:12     | Reached XP level 11. HP: 64/74 MP: 26/29
 12740 | D:12     | Killed a two-headed ogre
 12962 | D:13     | Noticed Snorg
 12980 | D:13     | Killed Snorg
 13158 | D:13     | Reached skill level 11 in Spellcasting
 13411 | D:13     | Found a basalt altar of Yredelemnul.
 13422 | D:13     | Reached skill level 1 in Fighting
 13621 | D:13     | Killed an unseen horror
 13693 | D:13     | Learned a level 4 spell: Summon Lightning Spire
 14290 | D:14     | Reached skill level 5 in Fighting
 14321 | D:14     | Killed an unseen horror
 14427 | D:14     | Noticed a vault guard
 14427 | D:14     | Noticed a vault guard
 14432 | D:14     | Noticed a vault guard
 14433 | D:14     | Noticed a vault guard
 14451 | D:14     | Noticed a vault guard
 14453 | D:14     | Noticed a vault guard
 14454 | D:14     | Noticed a vault guard
 14476 | D:13     | Killed a vault guard
 14476 | D:13     | Reached skill level 1 in Short Blades
 14661 | D:14     | Killed an unseen horror
 14805 | D:14     | Noticed Nessos
 14992 | D:14     | Killed a vault guard
 15199 | D:14     | Killed Nessos
 15268 | D:14     | Killed a vault guard
 15268 | D:14     | Reached skill level 5 in Short Blades
 15446 | D:14     | Noticed an eight-headed hydra
 15459 | D:14     | Noticed a vault guard
 15522 | D:13     | Killed a vault guard
 15522 | D:13     | Reached skill level 1 in Air Magic
 15729 | D:14     | Found a gate to the Vaults.
 15864 | D:14     | Killed a vault guard
 16140 | D:14     | Killed a vault guard
 16140 | D:14     | Reached skill level 1 in Armour
 16140 | D:14     | Reached XP level 12. HP: 32/94 MP: 3/31
 16142 | D:14     | Killed an eight-headed hydra
 16162 | D:14     | Killed a vault guard
 16502 | Lair:1   | Entered Level 1 of the Lair of Beasts
 16607 | D:9      | Bought the +2 cloak "Cekk" {+Inv} for 456 gold pieces
 16607 | D:9      | Bought a scarf of repulsion for 192 gold pieces
 16626 | Orc:1    | Entered Level 1 of the Orcish Mines
 16740 | D:9      | Bought a +0 shield of protection for 184 gold pieces
 16837 | Orc:1    | Noticed Nergalle
 16867 | Orc:1    | Killed Nergalle
 16964 | Orc:2    | Entered Level 2 of the Orcish Mines
 16964 | Orc:2    | Noticed Rupert
 17029 | Orc:1    | Killed Rupert
 17029 | Orc:1    | Reached skill level 5 in Armour
 17158 | Orc:2    | Noticed an orc warlord
 17925 | Lair:1   | Found a blossoming altar of Fedhas.
 18159 | Lair:2   | Noticed a four-headed hydra
 18168 | Lair:2   | Killed a four-headed hydra
 18236 | Lair:2   | Reached skill level 1 in Shields
 18681 | Lair:2   | Noticed a six-headed hydra
 18694 | Lair:2   | Killed a six-headed hydra
 18937 | Lair:2   | Identified 3 scrolls of acquirement
 18946 | Lair:2   | Got a slimy helmet
 18957 | Lair:2   | Identified the +4 helmet of the Ten Hells {Int+7} (You acquired it on level 2 of the Lair of Beasts)
 18958 | Lair:2   | Got a scintillating ruby amulet
 18960 | Lair:2   | Identified the amulet "Ohuuhon" {rF+++ MR- Regen+ Dex+5} (You acquired it on level 2 of the Lair of Beasts)
 18970 | Lair:2   | Learned a level 6 spell: Shadow Creatures
 19378 | Lair:3   | Found a staircase to the Swamp.
 19415 | Lair:3   | Noticed Sonja
 19434 | Lair:3   | Killed Sonja
 19949 | Lair:4   | Found a hole to the Spider Nest.
 20739 | Lair:5   | Got a jewelled rapier
 20740 | Lair:5   | Identified the +4 rapier "Xukk" {freeze, rF+ MR+ Str+3 Dex+2} (You found it on level 5 of the Lair of Beasts)
 20965 | Lair:5   | Found a staircase to the Slime Pits.
 20965 | Lair:5   | Found a viscous altar of Jiyva.
 21217 | Lair:6   | Entered Level 6 of the Lair of Beasts
 21232 | Lair:6   | Noticed Fascinator's ghost (journeyman GnWn)
 21268 | Lair:6   | Killed Fascinator's ghost
 21268 | Lair:6   | Reached XP level 13. HP: 82/100 MP: 10/33
 21303 | Lair:6   | Reached skill level 12 in Spellcasting
 21331 | Lair:6   | Found a dark tunnel.
 21473 | Volcano  | Entered a volcano
 21500 | Volcano  | Found a bloodstained altar of Trog.
 21855 | Lair:6   | Reached skill level 13 in Spellcasting
 22717 | Spider:1 | Entered Level 1 of the Spider Nest
 22746 | Spider:1 | Noticed an emperor scorpion
 23270 | Spider:1 | Noticed an emperor scorpion
 23328 | Swamp:1  | Entered Level 1 of the Swamp
 23463 | Swamp:1  | Reached skill level 14 in Spellcasting
 23497 | Swamp:1  | Noticed Josephine
 23527 | Swamp:1  | Killed Josephine
 24196 | Swamp:2  | Noticed Louise
 24678 | Swamp:2  | Found a stormy altar of Qazlal.
 24973 | Swamp:2  | Killed Louise
 25049 | Swamp:2  | Reached XP level 14. HP: 98/107 MP: 16/37
 25437 | Swamp:3  | Noticed Loge's ghost (adept DEFE)
 25464 | Swamp:3  | Killed Loge's ghost
 25504 | Swamp:3  | Reached skill level 15 in Spellcasting
 25831 | Swamp:3  | Noticed flt's ghost (adept SpEn)
 26043 | Swamp:3  | HP: 3/107 [something (16)]
 26203 | Swamp:4  | Entered Level 4 of the Swamp
 26661 | Swamp:4  | Noticed a thorn hunter
 26671 | Swamp:4  | Killed a thorn hunter
 26873 | Swamp:4  | Reached skill level 10 in Summonings
 26908 | Swamp:4  | Learned a level 5 spell: Summon Demon
 27019 | Swamp:4  | Noticed the 27-headed Lernaean hydra
 27057 | Swamp:3  | Killed flt's ghost
 27673 | Swamp:4  | HP: 5/107 [the 27-headed Lernaean hydra (9)]
 27673 | Swamp:4  | HP: 2/107 [the 27-headed Lernaean hydra (3)]
 27673 | Swamp:4  | Slain by the 27-headed Lernaean hydra

Skill      XL: |  1  2  3  4  5  6  7  8  9 10 11 12 13 14 |
---------------+-------------------------------------------+-----
Spellcasting   | 2 3 4 5 6 7 8 10 11 14 15 | 15.3
Summonings     | 5 6 9 10 | 10.5
Ice Magic      | 3 4 |  4.8
Hexes          | 2 |  2.6
Dodging        | 4 6 |  6.5
Fighting       | 5 |  5.2
Short Blades   | 5 |  5.2
Air Magic      | 2 |  2.1
Armour         | 1 9 |  9.0
Shields        | 3 |  3.5
Stealth        | |  1.7

Action                   |  1- 3 |  4- 6 |  7- 9 | 10-12 | 13-15 || total
-------------------------+-------+-------+-------+-------+-------++-------
Melee: Whip              |   113 |       |       |       |       ||   113
       Unarmed           |     2 |       |       |       |       ||     2
       Dagger            |    67 |   143 |   130 |       |       ||   340
       Trident           |       |       |    18 |       |       ||    18
       Rapier            |       |       |    14 |   440 |   468 ||   922
 Cast: Summon Small Mamm |     5 |       |       |       |       ||     5
       Call Imp          |     7 |     9 |     4 |     2 |     2 ||    24
       Call Canine Famil |     4 |    12 |    22 |    10 |     9 ||    57
       Summon Ice Beast  |       |     1 |    77 |   291 |   238 ||   607
       Summon Guardian G |       |     1 |     5 |    25 |     4 ||    35
       Summon Lightning  |       |       |       |     6 |       ||     6
       Shadow Creatures  |       |       |       |       |    10 ||    10
       Summon Demon      |       |       |       |       |     5 ||     5
Evoke: Wand              |       |       |       |     3 |       ||     3
  Use: Scroll            |     5 |       |    17 |    23 |     8 ||    53
       Potion            |       |       |       |     3 |     5 ||     8
 Stab: Sleeping          |     4 |     3 |     7 |     9 |     1 ||    24
       Distracted        |       |       |     2 |     7 |    15 ||    24
       Confused          |       |       |       |       |     1 ||     1
  Eat: Chunk             |     4 |     7 |    35 |    26 |     7 ||    79
       Ration            |       |     1 |     1 |       |     4 ||     6
Armor: Leather armour    |    54 |    43 |    27 |       |       ||   124
       Robe              |       |       |     7 |       |       ||     7
       Ring mail         |       |       |    21 |   220 |   318 ||   559
Dodge: Dodged            |   101 |    56 |    71 |   263 |   326 ||   817
       Deflected         |       |       |     3 |    11 |       ||    14
Block: Buckler           |    12 |    18 |    34 |    54 |       ||   118
       Shield            |       |       |       |   114 |   346 ||   460
